 Dungeon Crawl Stone Soup version 0.27-a0-705-ga0013940fb (webtiles) character file.

Game seed: 16166914173190557200

372 pistachioham the Chopper (level 6, -3/53 (57) HPs)
             Began as a Minotaur Fighter on Mar 22, 2021.
             Slain by Crazy Yiuf
             ... wielding a +4 quarterstaff of chaos
              (11 damage)
             ... while paralysed by Crazy Yiuf
             ... on level 3 of the Dungeon.
             The game lasted 00:04:31 (2565 turns).

pistachioham the Chopper (Minotaur Fighter)         Turns: 2565, Time: 00:04:32

HP:   -3/53 (57)    AC:  6    Str: 21    XL:     6   Next: 43%
MP:   0/5           EV:  2    Int:  5    God:
Gold: 77            SH:  0    Dex: 11    Spells: 5/5 levels left

rFire    . . .     SeeInvis .   a - +0 war axe
rCold    . . .     Faith    .   c - +0 kite shield
rNeg     . . .     Spirit   .   b - +0 scale mail
rPois    .         Reflect  .   (helmet restricted)
rElec    .         Harm     .   (no cloak)
rCorr    .         Rampage  .   (no gloves)
Will     .....                  (no boots)
Stlth    ..........             l - amulet of regeneration
HPRegen  1.17/turn              (no ring)
MPRegen  0.09/turn              (no ring)

@: paralysed, hasted, drained
A: horns 2, retaliatory headbutt
a: no special abilities


You were on level 3 of the Dungeon.
You visited 1 branch of the dungeon, and saw 3 of its levels.

You collected 77 gold pieces.

Inventory:

Hand Weapons
 a - a +0 war axe (weapon)
Armour
 b - a +0 scale mail (worn)
 c - a +0 kite shield (worn)
Jewellery
 l - an amulet of regeneration (around neck)
Scrolls
 e - a scroll of enchant armour {unknown}
 g - 3 scrolls of identify {unknown}
 j - a scroll of amnesia {unknown}
 k - a scroll of teleportation {unknown}
 m - a scroll of blinking {unknown}
 n - a scroll of brand weapon {unknown}
 p - a scroll of noise {unknown}
Potions
 d - a potion of might
 f - a potion of flight {unknown}
 h - 2 potions of invisibility {unknown}
 i - a potion of brilliance {unknown}
 o - a potion of ambrosia {unknown}


   Skills:
 + Level 5.8 Fighting
 * Level 7.0 Axes
 - Level 3.6 Armour
 - Level 3.6 Shields


You had 5 spell levels left.
You didn't know any spells.
Your spell library contained the following spells:

 Spells                   Type           Power      Damage    Failure   Level
 Swiftness                Air            0%         N/A       100%        2
 Airstrike                Air            0%         N/A       100%        4
 Hailstorm                Conj/Ice       0%         3d3       100%        4
 Tornado                  Air            0%         N/A       100%        9


Dungeon Overview and Level Annotations

Branches:
Dungeon (3/15)

Altars:
Vehumet
Xom

Annotations:
D:3 Crazy Yiuf


Innate Abilities, Weirdness & Mutations

You have a pair of horns on your head.
You reflexively headbutt those who attack you in melee.


Message History

Your experience leads to an increase in your attributes!
Increase (S)trength, (I)ntelligence, or (D)exterity?
You feel stronger.
You start resting.
You feel less confused.
You now have 77 gold pieces (gained 5).
Things that are here:
a +0 scythe; a +0 robe; the human corpse of Sigmund
g - 3 scrolls labelled JETA GYRUVYOTT (gained 1)
There is a stone staircase leading down here.
You see here 11 stones.
You see here a +0 chain mail.
Crazy Yiuf shouts!
Unknown command.
Could not explore, unopened runed door.
You open the door. You slash Crazy Yiuf!
Crazy Yiuf is heavily wounded.
Crazy Yiuf hits you with a +4 quarterstaff of chaos.
You feel drained.
You closely miss Crazy Yiuf.
Crazy Yiuf is heavily wounded.
Crazy Yiuf cries, "You leg down broken song, no?"
Crazy Yiuf hits you with a +4 quarterstaff of chaos!
You suddenly lose the ability to move!
Crazy Yiuf hits you with a +4 quarterstaff of chaos!
You feel your power leaking away.
Crazy Yiuf drinks a potion.
Crazy Yiuf seems to speed up.
Crazy Yiuf hits you with a +4 quarterstaff of chaos!
You feel your power leaking away.
Crazy Yiuf says, "Line!"
Crazy Yiuf hits you with a +4 quarterstaff of chaos!
You feel drained. Crazy Yiuf barely misses you.
Crazy Yiuf hits you with a +4 quarterstaff of chaos!
* * * LOW HITPOINT WARNING * * *
You feel yourself speed up.
Crazy Yiuf laughs, "Paint!"
Crazy Yiuf hits you with a +4 quarterstaff of chaos!
You die...

....#........######.#............
....###....#.## #.+.......†)...
......#....+..# ###............
#...#.#..###### #####........
#...#.##.# ######### ....#.#..#
♣♣♣♣♣##........ .#.##.#.## ###
♣♣♣.♣...#........ ...##.#.##
#...#♣..♣............. .........#
#...g@♣♣♣♣............ ....#....#
#)..#♣♣ ♣♣..#..#.#... ....#.##.#
### ♣♣##..#.#... ......##.#
#..#.#... .........# #..#.#.##
.....############ ######....#...
................# #....#.##.....
..............#.####....#.##.####
..)................#.......#.#


You could see Crazy Yiuf (fast).

Vanquished Creatures
  Sigmund (D:3)
  Natasha (thrice) (D:3)
  5 adders
  2 worms (D:2)
  4 dart slugs
  3 giant cockroaches
  7 goblins
  6 hobgoblins
  7 jackals
  5 oozes
  3 quokkas
  7 ball pythons
  8 bats
  2 frilled lizards (D:1)
  10 kobolds
  4 rats
77 creatures vanquished.

Notes
Turn   | Place    | Note
-------+----------+-------------------------------------------
     0 | D:1      | pistachioham the Minotaur Fighter began the quest for the
                  | Orb.
     0 | D:1      | Reached XP level 1. HP: 19/19 MP: 0/0
    77 | D:1      | Reached skill level 3 in Axes
    79 | D:1      | Reached XP level 2. HP: 25/27 MP: 1/1
   427 | D:1      | Found a shimmering altar of Xom.
  1130 | D:1      | Reached XP level 3. HP: 33/33 MP: 2/2
  1176 | D:2      | Found a faded altar of an unknown god.
  1291 | D:2      | Reached skill level 4 in Axes
  1536 | D:2      | Reached XP level 4. HP: 41/41 MP: 3/3
  1594 | D:2      | Found a radiant altar of Vehumet.
  1928 | D:3      | Identified the Papyrus of Flying Snow
  1954 | D:3      | Reached skill level 5 in Axes
  2035 | D:3      | Noticed Natasha
  2038 | D:3      | Killed Natasha
  2038 | D:3      | Noticed Natasha
  2046 | D:3      | Killed Natasha
  2047 | D:3      | Reached skill level 5 in Fighting
  2047 | D:3      | Reached XP level 5. HP: 48/48 MP: 4/4
  2066 | D:3      | Noticed Natasha
  2071 | D:3      | Killed Natasha
  2195 | D:3      | Found a runed translucent door.
  2196 | D:3      | Noticed Crazy Yiuf
  2379 | D:3      | Reached skill level 6 in Axes
  2390 | D:3      | Noticed Sigmund
  2400 | D:3      | Killed Sigmund
  2401 | D:3      | Reached skill level 7 in Axes
  2401 | D:3      | Reached XP level 6. HP: 51/57 MP: 5/5
  2560 | D:3      | Paralysed by Crazy Yiuf for 7 turns
  2565 | D:3      | Slain by Crazy Yiuf

Illustrated notes

Levels and vault maps discovered:
D:1:      tarquinn_simple_flora_water_e, layout_loops_corners, xom_teletrap_fun
D:2:      layout_basic, overflow_temple_1_default,
          chequers_ecumenical_altar_simple, kennysheep_generic_room_9
D:3:      layout_basic, minmay_misc_feat_room, uniq_natasha, uniq_sigmund,
          uniq_crazy_yiuf_cottage

Skill      XL: |  1  2  3  4  5 |
---------------+----------------+-----
Axes           | 3 4 5 7 |  7.0
Fighting       | 4 5 |  5.8
Armour         | |  3.6
Shields        | |  3.6

Action                   |  1- 3 |  4- 6 || total
-------------------------+-------+-------++-------
Melee: War axe           |    80 |    91 ||   171
       Headbutt          |    11 |    14 ||    25
Armor: Scale mail        |    32 |    35 ||    67
Dodge: Dodged            |    35 |    28 ||    63
Block: Kite shield       |    50 |    55 ||   105

Table legend: (Time is in decaauts)
 A = Elapsed time spent in this place.
 B = Non-inter-level travel time spent in this place.
 C = Inter-level travel time spent in this place.
 D = Time resting spent in this place.
 E = Time spent auto-exploring this place.
 F = Levels seen in this place.
 G = Mean time per level.
                   A        B        C        D        E       F      G
               +--------+--------+--------+--------+--------+-----+--------+
         Total |   2659 |   2605 |     54 |     18 |   2058 |   3 |  886.3 |
       Dungeon |   2659 |   2605 |     54 |     18 |   2058 |   3 |  886.3 |
               +--------+--------+--------+--------+--------+-----+--------+

Top non-repeatable levels by time:
     D:1: 1183 daAuts
     D:2: 764 daAuts
     D:3: 711 daAuts
